Map: Rosanegro LE

Players

IagoAbreu

  • Race: Zerg Zerg
  • Spawn Location: 1:00

I.A. 1 (Mais difícil) - Winner!

  • Race: Protoss Protoss
  • Spawn Location: 7:00

VOD

Have the link to the VOD?

Description

Time

  • Played on: Jan. 10, 2018, 2:25 p.m.
  • Length: 19:55
Show
View Real Time Build Order
Export as new Build Order

IagoAbreu Zerg 

Build Orders: Pool First 

Get SALT Encoding   

  12  0:03  Drone  
  13  0:12  Overlord  
  13  0:17  Drone  
  14  0:35  Spawning Pool  
  13  0:39  Drone  
  14  0:53  Drone x3  
  17  1:15  Hatchery  
  17  1:17  Drone  
  17  1:23  Zergling x2  
  18  1:28  Zergling x2  
  19  1:33  Queen  
  21  1:44  Extractor  
  20  1:47  Drone x2, Extractor  
  21  1:58  Drone  
  22  2:17  Overlord  
  22  2:19  Overlord  
  20  2:47  Zergling x10  
  25  3:01  Zergling x2  
  26  3:07  Queen  
  26  3:09  Drone x3  
  31  3:15  Drone  
  32  3:31  Queen  
  32  3:33  Drone  
  32  3:34  Drone  
  36  3:35  Hatchery  
  36  3:36  Drone  
  36  3:37  Drone  
  36  3:40  Zergling x2  
  35  4:10  Zergling x2  
  35  4:11  Overlord x2  
  35  4:12  Overlord x3  
  34  4:39  Pneumatized Carapace  
  34  4:42  Metabolic Boost  
  34  5:01  Zergling x6  
  34  5:02  Zergling x12  
  34  5:03  Zergling x12  
  49  5:19  Drone x2  
  49  5:20  Drone x3  
  38  5:44  Zergling x4  
  38  5:45  Zergling x12  
  38  5:46  Zergling x6  
  44  6:10  Zergling x2  
  44  6:11  Zergling x12  
  43  6:12  Zergling x10  
  46  6:18  Zergling x2  
  46  6:19  Zergling x4  
  42  6:42  Hatchery  
  41  7:02  Zergling x6  
  41  7:03  Zergling x10  
  49  7:14  Drone x3  
  52  7:16  Drone  
  53  7:36  Lair  
  36  8:23  Queen  
  38  8:27  Zergling x10  
  38  8:28  Zergling x10  
  38  8:29  Zergling x10  
  53  8:41  Spine Crawler x2  
  52  8:47  Spire  
  50  8:58  Drone  
  50  8:59  Drone x6  
  57  9:07  Zergling x12  
  63  9:19  Evolution Chamber  
  63  9:21  Burrow  
  62  9:25  Zergling x8  
  62  9:26  Zergling x2  
  68  9:31  Zergling x2  
  68  9:33  Zergling x6  
  71  9:55  Zerg Melee Weapons Level 1  
  41  10:36  Mutalisk  
  41  10:37  Mutalisk x6  
  41  10:38  Mutalisk x7  
  41  10:39  Mutalisk x3  
  75  10:58  Extractor  
  75  11:00  Extractor  
  75  11:02  Drone x3  
  76  11:30  Mutalisk x2  
  80  11:33  Zergling x4  
  80  11:35  Overlord x5  
  80  11:36  Overlord  
  82  12:13  Overseer x4  
  82  12:30  Spine Crawler x2  
  80  12:51  Overlord x6  
  80  12:52  Overlord x2  
  80  12:58  Mutalisk x5  
  80  12:59  Mutalisk x3  
  80  13:00  Zergling x8  
  80  13:01  Zergling x2  
  67  13:23  Mutalisk x2  
  67  13:24  Zergling x2  
  67  13:25  Zergling x10  
  41  13:49  Mutalisk x3  
  41  13:52  Zergling x8  
  41  14:18  Spine Crawler  
  41  14:19  Spine Crawler  
  37  14:33  Mutalisk x2  
  37  14:36  Zergling x6  
  37  14:37  Zergling x2  
  42  14:48  Overlord  
  40  14:58  Mutalisk x2  
  42  15:07  Overseer  
  42  15:24  Mutalisk  
  44  15:33  Extractor  
  43  15:36  Extractor  
  43  15:40  Zergling x2  
  43  15:41  Zergling x10  
  43  15:42  Zergling x4  
  50  15:59  Hatchery  
  49  16:14  Overseer  
  43  16:33  Mutalisk x3  
  43  16:35  Zergling x4  
  16  17:38  Corruptor  
  16  17:41  Zergling x4  
  20  17:51  Spine Crawler x3  
  18  17:52  Spine Crawler  
  18  17:54  Spore Crawler  
  18  17:55  Spore Crawler x2  
  18  17:56  Spore Crawler  
  12  17:59  Spore Crawler  
  12  18:05  Spine Crawler  
  3  18:13  Zergling x4  
Show
View Real Time Build Order
Export as new Build Order

I.A. 1 (Mais difícil) Protoss - Winner!

Build Orders:  

Get SALT Encoding   

  12  0:00  Probe  
  13  0:13  Probe  
  14  0:20  Pylon  
  14  0:25  Probe  
  15  0:38  Probe  
  16  0:48  Assimilator  
  16  0:50  Probe  
  16  0:51  Gateway  
  17  1:00  Pylon  
  17  1:02  Probe  
  18  1:14  Probe  
  19  1:27  Probe  
  20  1:40  Zealot  
  20  1:42  Cybernetics Core  
  20  1:43  Gateway  
  22  1:47  Assimilator  
  22  2:03  Pylon  
  22  2:07  Zealot  
  24  2:18  Warp Gate  
  24  2:34  Zealot  
  24  2:36  Zealot, Probe  
  27  2:48  Pylon  
  27  2:50  Probe  
  28  3:01  Adept  
  28  3:03  Stalker  
  32  3:21  Probe  
  33  3:28  Stalker  
  33  3:32  Stalker  
  33  3:33  Probe  
  38  3:37  Pylon  
  38  3:45  Probe  
  39  3:54  Forge  
  39  3:58  Zealot, Probe  
  42  4:03  Adept  
  44  4:10  Probe  
  45  4:22  Probe  
  46  4:54  Protoss Ground Weapons Level 1, Sentry  
  46  4:56  Gateway  
  46  4:59  Pylon  
  48  5:00  Sentry  
  50  5:16  Stalker  
  50  5:19  Robotics Facility  
  52  5:23  Stalker  
  54  5:35  Pylon  
  54  5:39  Stalker  
  54  5:46  Sentry  
  56  5:52  Photon Cannon, Sentry  
  58  6:02  Photon Cannon, Stalker  
  60  6:04  Twilight Council  
  60  6:08  Observer  
  61  6:20  Nexus  
  57  6:33  Observer  
  57  6:39  Zealot  
  46  6:43  Blink  
  46  6:45  Adept  
  48  6:48  Protoss Ground Armor Level 1  
  48  6:51  Zealot  
  50  6:59  Stalker  
  52  7:06  Stalker  
  54  7:13  Stalker x3  
  56  7:22  Adept  
  58  7:32  Probe  
  58  7:33  Probe  
  60  7:44  Probe  
  60  7:46  Pylon  
  60  7:47  Probe  
  62  7:55  Pylon  
  62  7:57  Probe  
  62  7:59  Probe  
  56  8:09  Probe  
  56  8:11  Probe  
  46  8:16  Zealot  
  48  8:21  Probe  
  48  8:23  Probe  
  50  8:33  Probe  
  51  8:35  Probe  
  51  8:41  Templar Archives  
  52  8:45  Probe  
  53  8:53  Probe  
  54  9:16  Nexus  
  54  9:19  High Templar  
  56  9:26  Probe  
  56  9:28  High Templar  
  56  9:29  Probe  
  60  9:38  Probe  
  60  9:41  Probe  
  60  9:44  Archon  
  62  9:50  Probe  
  63  9:53  Probe  
  63  9:54  High Templar, Archon  
  63  9:56  Assimilator  
  66  10:03  Probe  
  66  10:05  Probe  
  68  10:11  Gateway  
  68  10:22  High Templar  
  68  10:24  Probe  
  68  10:25  Probe  
  68  10:27  Probe  
  68  10:36  Assimilator, Probe, Archon  
  68  10:37  Probe  
  70  10:45  High Templar  
  72  10:58  Assimilator  
  72  10:59  Probe x2  
  72  11:03  Gateway  
  74  11:06  High Templar  
  76  11:20  Probe x3  
  76  11:23  Robotics Facility  
  79  11:36  Warp Prism  
  79  11:37  Stargate  
  81  12:10  Warp Prism  
  81  12:12  Warp Prism  
  85  12:24  Oracle  
  85  12:29  Stargate  
  88  12:34  Archon  
  88  12:39  Robotics Bay  
  88  12:46  Observer  
  89  12:57  Archon  
  89  13:01  Void Ray  
  81  13:28  Disruptor  
  81  13:33  Disruptor  
  75  13:42  Zealot  
  75  13:47  Sentry  
  79  13:51  Zealot  
  81  13:55  Stalker  
  81  14:00  Sentry  
  85  14:10  Void Ray  
  89  14:17  Disruptor  
  92  14:28  Disruptor  
  95  14:39  Assimilator  
  95  14:40  Stalker  
  95  14:44  Adept  
  95  14:48  Adept  
  95  14:55  Zealot  
  95  14:59  Zealot  
  95  15:02  Probe x2  
  95  15:05  Probe  
  98  15:15  Pylon  
  98  15:31  Probe  
  99  15:39  Pylon, Probe  
  99  15:42  Fleet Beacon, Probe  
  101  15:43  Stargate  
  101  15:44  Probe  
  102  15:51  Probe  
  102  15:54  Phoenix  
  105  15:58  Void Ray  
  105  15:59  Zealot  
  105  16:02  Zealot  
  109  16:05  Pylon, Stalker  
  109  16:07  Stalker  
  109  16:09  Phoenix  
  109  16:11  Probe  
  116  16:12  Probe  
  116  16:14  Probe  
  118  16:21  Protoss Ground Weapons Level 2  
  118  16:23  Probe  
  119  16:25  Carrier  
  119  16:27  Probe  
  119  16:28  Pylon  
  119  16:29  Probe  
  125  16:35  Stalker, Probe  
  125  16:39  Zealot  
  123  16:42  Zealot  
  123  16:45  Zealot  
  123  16:49  Zealot  
  123  16:51  Probe  
  123  16:52  Probe  
  127  16:54  Probe  
  128  17:03  Probe  
  128  17:05  Probe  
  128  17:06  Probe  
  131  17:14  Pylon  
  131  17:15  Probe  
  132  17:20  Probe  
  132  17:22  Probe  
  134  17:26  Observer Gravitic Boosters  
  134  17:27  Probe  
  135  17:30  Protoss Air Weapons Level 1  
  135  17:44  Nexus  
  135  18:05  Graviton Catapult  
  135  18:18  Stalker  
  134  18:21  Observer  
  134  18:23  Gravitic Drive  
  134  18:26  Observer, Stalker  
  127  18:28  Stalker  
  125  18:40  Stalker  
  127  18:42  Sentry  
  127  18:46  Adept  
  131  18:51  Void Ray  
  131  18:54  Photon Cannon  
  135  18:56  High Templar  
  135  18:58  Photon Cannon  
  135  19:00  High Templar  
  139  19:07  Assimilator  
  139  19:09  Pylon  
  139  19:14  High Templar, Archon  
  139  19:16  Assimilator  
  137  19:19  High Templar, Pylon  
  137  19:22  Forge  
  139  19:33  High Templar, Archon  
  139  19:37  High Templar  
  139  19:40  Photon Cannon  
  139  19:41  Photon Cannon  
  139  19:51  High Templar, Archon  
Tags
 
Add a new tag
Caveats
  • Supply blocks, unpowered buildings, or Contaminate may cause inaccurate times.
  • Supply counts are checked every 10 seconds.